 Dungeon Crawl Stone Soup version 0.28-a0-1130-gc51a68064b (webtiles) character file.

Game seed: 12818438060282118747

32 ragingrage the Charlatan (level 3, -7/22 HPs)
             Began as a Gargoyle Artificer on Dec 12, 2021.
             Mangled by Natasha (8 damage)
             ... on level 1 of the Dungeon.
             The game lasted 00:01:03 (1152 turns).

ragingrage the Charlatan (Gargoyle Artificer)       Turns: 1152, Time: 00:01:03

Health: -7/22      AC:  7    Str: 15    XL:     3   Next: 27%
Magic:  3/3        EV: 11    Int: 11    God:
Gold:   50         SH:  5    Dex: 12    Spells: 2/2 levels left

rFire   . . .      SeeInvis .   a - +0 club
rCold   . . .      Faith    .   (no shield)
rNeg    + . .      Spirit   .   b - +0 leather armour
rPois   ∞          Reflect  +   (no helmet)
rElec   +          Harm     .   (no cloak)
rCorr   .          Rampage  .   (no gloves)
Will    .....                   g - +0 pair of boots
Stlth   +.........              h - amulet of reflection
HPRegen 0.07/turn               (no ring)
MPRegen 0.08/turn               (no ring)

@: no status effects
A: sickness immunity, AC +3, negative energy resistance 1, electricity
resistance, torment resistance 1, petrification resistance
a: no special abilities


You were on level 1 of the Dungeon.
You visited 1 branch of the dungeon, and saw 2 of its levels.

You collected 50 gold pieces.

Inventory:

Hand Weapons
 a - a +0 club (weapon)
Missiles
 j - 2 datura-tipped darts
Armour
 b - a +0 leather armour (worn)
 g - a +0 pair of boots (worn)
Jewellery
 h - an amulet of reflection (around neck)
Wands
 c - a wand of flame (14) (quivered)
 d - a wand of charming (15)
Scrolls
 f - 2 scrolls of identify {unknown}
 i - a scroll of vulnerability {unknown}
Potions
 k - a potion of heal wounds {unknown}
Miscellaneous
 e - a piece from Xom's chessboard (15/15)


   Skills:
 + Level 2.5 Fighting
 - Level 2.1 Armour
 - Level 0.7 Dodging
 - Level 1.1 Stealth
 + Level 3.3 Evocations


You had 2 spell levels left.
You didn't know any spells.
Your spell library was empty.

Dungeon Overview and Level Annotations

Branches:
Dungeon (2/15)

Altars:

Annotations:
D:1 Natasha


Innate Abilities, Weirdness & Mutations

You are immune to sickness and miasma.
Your stone body is resilient. (AC +3)
You are immune to poison.
You resist negative energy. (rN+)
You are resistant to electric shocks. (rElec)
You are resistant to unholy torment.
You are immune to petrification.


Message History

Natasha claws you but does no damage.
Hit: a) +0 club
Press: ? - help, Dir - move target, f/p - Natasha
Aim: Natasha (lightly wounded, about 49% to evade your +0 club)
You hit Natasha.
Natasha is heavily wounded.
Natasha claws you. Natasha closely misses you.
Hit: a) +0 club
Press: ? - help, Dir - move target, f/p - Natasha
Aim: Natasha (heavily wounded, about 49% to evade your +0 club)
You hit Natasha but do no damage.
Natasha is heavily wounded.
Natasha claws you!
* * * LOW HITPOINT WARNING * * *
Hit: a) +0 club
Press: ? - help, Dir - move target, f/p - Natasha
Aim: Natasha (moderately wounded, about 49% to evade your +0 club)
You hit Natasha but do no damage.
Natasha is moderately wounded.
Natasha misses you.
Hit: a) +0 club
Press: ? - help, Dir - move target, f/p - Natasha
Aim: Natasha (moderately wounded, about 49% to evade your +0 club)
You miss Natasha.
Natasha is moderately wounded.
The shadow imp disappears in a puff of smoke!
Natasha barely misses you.
Hit: a) +0 club
Press: ? - help, Dir - move target, f/p - Natasha
Aim: Natasha (moderately wounded, about 49% to evade your +0 club)
You hit Natasha but do no damage.
Natasha is moderately wounded.
Natasha misses you. Natasha claws you but does no damage.
Hit: a) +0 club
Press: ? - help, Dir - move target, f/p - Natasha
Aim: Natasha (moderately wounded, about 49% to evade your +0 club)
You hit Natasha.
Natasha is heavily wounded.
Natasha claws you!
You die...

#.#..#..#.#.........)..
###.#..#..#.#............
#.'####_####'...>.^......
#.#.#..#..#.######..####.
#.#.#..#..#.##......# #.
#.#....#....#..#...#####.
#)#.........###.>#.##....
#.###########...........#
#.####§h@.# ###...#'#.###
#......########...#<#.# #
#......###......#.#+#.# #
######..##............###
###########.............#....
#........###.....###.........
####.###.......#.....#.##.#..
##.............###.#.......
######.......................###


You could see Natasha.

Vanquished Creatures
  3 adders (D:2)
  2 goblins (D:1)
  2 bats
  A kobold (D:2)
  A rat (D:2)
9 creatures vanquished.

Notes
Turn   | Place    | Note
-------+----------+-------------------------------------------
     0 | D:1      | ragingrage the Gargoyle Artificer began the quest for the
                  | Orb.
     0 | D:1      | Reached XP level 1. HP: 12/12 MP: 1/1
   242 | D:1      | Found a faded altar of an unknown god.
   409 | D:2      | Reached skill level 3 in Evocations
   409 | D:2      | Reached XP level 2. HP: 15/17 MP: 2/2
   814 | D:2      | Reached XP level 3. HP: 12/21 MP: 3/3
  1124 | D:2      | Noticed Natasha
  1148 | D:1      | HP: 1/22 [Natasha (7)]
  1152 | D:1      | Mangled by Natasha

Illustrated notes

Levels and vault maps discovered:
D:1:      dpeg_arrival_tiny_d, layout_rooms,
          shapermc_ecumenical_altar_notcrosses
D:2:      layout_rooms, basic_altar, kennysheep_generic_room_4, uniq_natasha

Skill      XL: |  1  2 |
---------------+-------+-----
Evocations     | 3 |  3.3
Fighting       | 2 |  2.5
Armour         | |  2.1
Dodging        | |  0.7
Stealth        | |  1.1

Action                   || total
-------------------------++-------
Melee: Club              ||    84
Evoke: Wand              ||     1
Armor: Leather armour    ||    37
Dodge: Dodged            ||    51
Block: Other             ||    21
       Reflection        ||     1

Table legend: (Time is in decaauts)
 A = Elapsed time spent in this place.
 B = Non-inter-level travel time spent in this place.
 C = Inter-level travel time spent in this place.
 D = Time resting spent in this place.
 E = Time spent auto-exploring this place.
 F = Levels seen in this place.
 G = Mean time per level.
                   A        B        C        D        E       F      G
               +--------+--------+--------+--------+--------+-----+--------+
         Total |   1178 |   1158 |     20 |    564 |    354 |   2 |  589.0 |
       Dungeon |   1178 |   1158 |     20 |    564 |    354 |   2 |  589.0 |
               +--------+--------+--------+--------+--------+-----+--------+

Top non-repeatable levels by time:
     D:1: 659 daAuts
     D:2: 519 daAuts
